 Dungeon Crawl Stone Soup version 0.29.1-13-g9f3cf754e1 (webtiles) character file.

Game seed: 6525898017754538079

200207 Atlar the Brawler (level 17, -18/370 HPs)
             Began as a Troll Monk on Feb 10, 2023.
             Was the Champion of Okawaru.
             Killed from afar by a crystal guardian (36 damage)
             ... with a crystal bolt
             ... led by a peacekeeper
             ... on level 2 of the Vaults.
             The game lasted 03:22:27 (27038 turns).

Atlar the Brawler (Troll Monk)                     Turns: 27038, Time: 03:22:28

Health: -18/370    AC: 32    Str: 23    XL:     17   Next: 87%
Magic:  20/22      EV:  1    Int:  6    God:    Okawaru [******]
Gold:   3439       SH: 25    Dex: 28    Spells: 16/16 levels left

rFire   . . .      SeeInvis .     - Unarmed
rCold   . . .      Faith    .   R - +1 tower shield of Blue Skies {Drain Regen+ Dex+4 Slay+3}
rNeg    + . .      Spirit   .   (body armour currently unavailable)
rPois   +          Reflect  .   (helmet currently unavailable)
rElec   .          Harm     .   (cloak currently unavailable)
rCorr   .          Rampage  .   (gloves unavailable)
Will    ++++.      Clarity  +   (boots unavailable)
Stlth   .......... NoTele   +   n - amulet of the Four Winds {rN+ Will+++ Clar}
HPRegen 2.31/turn               Z - +6 ring of dexterity
MPRegen 0.18/turn               I - +4 ring of protection

@: berserking, tree-form, heroic, studying Armour, very quick
A: stationary, stasis, torment immunity, boosted hp, large, unfitting armour,
(claws 3), regeneration 1, (shaggy fur 1), (tough skin 1)
}: 1/15 runes: barnacled
a: Renounce Religion, Heroism, Finesse, Duel


You were on level 2 of the Vaults.
You worshipped Okawaru.
Okawaru was exalted by your worship.
You were a tree.
You visited 7 branches of the dungeon, and saw 30 of its levels.
You also visited: Bailey.

You collected 3439 gold pieces.

Inventory:

Hand Weapons
 F - a +0 giant spiked club
Missiles
 e - 7 silver javelins
 p - 11 javelins (quivered)
 w - 3 boomerangs
 x - 30 large rocks
 M - 2 throwing nets
Armour
 d - the +2 robe "Vuvanukk" {Will++ Slay-4}
   (Okawaru gifted it to you on level 4 of the Shoals)

   Slay:      It affects your accuracy & damage with ranged weapons and melee
   (-4).
   Will:      It greatly increases your willpower.
 f - a +2 robe of willpower
 j - a +0 cloak (melded)
 O - +0 acid dragon scales (melded)
 R - the +1 tower shield of Blue Skies (worn) {Drain Regen+ Dex+4 Slay+3}
   (You acquired it on level 15 of the Dungeon)

   Dex:       It affects your dexterity (+4).
   Slay:      It affects your accuracy & damage with ranged weapons and melee
   (+3).
   Regen:     It increases your rate of health regeneration.
   Drain:     It drains your maximum health when unequipped.
 X - the +4 cloak "Ceoces" {Harm Str+3 Dex-4}
   (Okawaru gifted it to you on level 14 of the Dungeon)

   Str:       It affects your strength (+3).
   Dex:       It affects your dexterity (-4).
   Harm:      It increases damage dealt and taken.
Jewellery
 a - a ring of protection from fire
 l - a ring of poison resistance
 n - the amulet of the Four Winds (around neck) {rN+ Will+++ Clar}
   (You took it off a merfolk javelineer on level 4 of the Shoals)

   [amulet of nothing]

   rN:        It protects you from negative energy.
   Clar:      It protects you against confusion.
   Will:      It greatly increases your willpower.
 o - a ring of flight
 y - a ring of resist corrosion
 A - a ring of wizardry
 I - a +4 ring of protection (right branch)
 K - a ring of protection from cold
 N - a +4 ring of slaying
 P - a ring of see invisible
 Q - an amulet of regeneration
 Z - a +6 ring of dexterity (left branch)
Wands
 g - a wand of roots (6)
 v - a wand of flame (15)
 T - a wand of polymorph (1)
 Y - a wand of mindburst (13)
Scrolls
 c - 12 scrolls of teleportation
 h - 3 scrolls of brand weapon
 k - 5 scrolls of vulnerability
 m - 4 scrolls of immolation
 r - 2 scrolls of poison
 C - 3 scrolls of enchant weapon
 E - 4 scrolls of silence
 G - 2 scrolls of amnesia
 J - 3 scrolls of fog
 W - 2 scrolls of enchant armour
Potions
 b - 3 potions of ambrosia
 i - 5 potions of flight
 s - 3 potions of lignification
 u - a potion of resistance
 z - 10 potions of mutation
 B - 2 potions of brilliance
 D - 11 potions of curing
 H - 4 potions of invisibility
 L - 3 potions of cancellation
 S - a potion of might
 V - a potion of magic
Miscellaneous
 q - a tin of tremorstones (2/2)
 U - a phial of floods (inert)


   Skills:
 + Level 9.8(14.8) Fighting
 - Level 9.1(14.1) Throwing
 + Level 9.5(14.5) Armour
 + Level 12.3(17.3) Dodging
 - Level 1.0(6.0) Stealth
 - Level 12.9(17.9) Shields
 + Level 17.3(22.3) Unarmed Combat
 - Level 9.2 Invocations
 - Level 5.3 Evocations


You had 16 spell levels left.
You didn't know any spells.
Your spell library contained the following spells:

 Spells                   Type           Power      Damage    Failure   Level
 Freeze                   Ice            0%         1d3       71%         1
 Sandblast                Erth           0%         2d4       71%         1
 Passwall                 Tmut/Erth      0%         N/A       85%         2
 Poisonous Vapours        Pois/Air       0%         N/A       85%         2
 Static Discharge         Conj/Air       0%         3-3/arc   85%         2
 Sublimation of Blood     Necr           0%         N/A       85%         2
 Wereblood                Tmut           0%         N/A       85%         2
 Confusing Touch          Hex            0%         N/A       97%         3
 Frozen Ramparts          Ice            0%         1d1       97%         3
 Ignite Poison            Fire/Tmut/Pois 0%         N/A       97%         3
 Mephitic Cloud           Conj/Pois/Air  0%         N/A       97%         3
 Stone Arrow              Conj/Erth      0%         3d7       97%         3
 Corpse Rot               Necr/Pois/Air  0%         N/A       100%        4
 Dispel Undead            Necr           0%         3d6       100%        4
 Hailstorm                Conj/Ice       0%         3d3       100%        4
 Ice Form                 Ice/Tmut       0%         N/A       100%        4
 Iskenderun's Mystic Bla  Conj/Tloc      0%         2d3       100%        4
 Passage of Golubria      Tloc           0%         N/A       100%        4
 Sticky Flame             Conj/Fire      0%         2d3       100%        4
 Borgnjor's Vile Clutch   Necr/Erth      0%         N/A       100%        5
 Freezing Cloud           Conj/Ice/Air   0%         6-21      100%        5
 Lightning Bolt           Conj/Air       0%         1d11      100%        5
 Silence                  Hex/Air        0%         N/A       100%        5
 Yara's Violent Unravell  Hex/Tmut       0%         3d3       100%        5
 Enfeeble                 Hex            0%         N/A       100%        7
 Storm Form               Tmut/Air       0%         N/A       100%        7
 Maxwell's Capacitive Co  Air            0%         ∞         100%        8
 Animate Dead             Necr           Unusable   N/A       N/A         4
 Death Channel            Necr           Unusable   N/A       N/A         6
 Simulacrum               Ice/Necr       Unusable   N/A       N/A         6
 Summon Hydra             Summ           Unusable   N/A       N/A         7

Dungeon Overview and Level Annotations

Branches:
Dungeon (15/15)            Temple (1/1) D:4            Lair (5/5) D:8
 Shoals (4/4) Lair:2        Snake (1/4) Lair:3        Slime (0/5) Lair:5
    Orc (2/2) D:10            Elf (0/3) Orc:2        Vaults (2/5) D:13
  Crypt (0/3) Vaults:2     Depths (0/4) D:15         Bailey (visited)

Altars:
Ashenzari
Cheibriados
Dithmenos
Elyvilon
Fedhas
Gozag
Hepliaklqana
Kikubaaqudgha
Makhleb
Nemelex Xobeh
Okawaru
Qazlal
Sif Muna
Trog
Uskayaw
Vehumet
Wu Jian
Xom
Yredelemnul
Zin
Jiyva

Shops:
D:6 (   D:8 (   D:10 *   D:13 [   D:14 :   Orc:2 *=([

Annotations:
D:4 3 runed translucent doors, TangoThomas's ghost, amateur DsGl
D:11 2 runed translucent doors, Exodus22XD's ghost, journeyman MiFi
Lair:1 3 runed translucent doors, exclusion: 3 oklob plants, mistmaker's ghost, journeyman TeAE
Shoals:3 Ilsuiw
Vaults:1 3 runed translucent doors, Gabide's ghost, adept DgCj


Innate Abilities, Weirdness & Mutations

You are a tree.
Your roots penetrate the ground, keeping you stationary.
You cannot be teleported.
You are immune to unholy pain and torment.
Your maximum health is greatly increased.
Your equipment is partially melded.
You are too large for most types of armour.
((You have claws for hands.))
Your natural rate of healing is unusually fast.
((You are covered in fur. (AC +1)))
((You have tough skin. (AC +1)))


Message History

The crystal guardian is lightly damaged.
The javelin pierces through the crystal guardian.
The crystal guardian is severely damaged.
The crystal guardian fires a crystalline bolt at you.
The crystal bolt freezes the crystal guardian.
The crystal guardian completely resists.
The crystal bolt freezes you!!!
You claw the crystal guardian!
The crystal guardian is moderately damaged.
The crystal guardian fires a crystalline bolt at you.
The crystal bolt freezes you!!!
Okay, then.
Okay, then.
Really quaff the potion of lignification?
You turn into a tree.
Your +0 cloak melds into your body.
Your +0 acid dragon scales melds into your body.
Your roots penetrate the ground.
The crystal guardian fires a crystalline bolt at you.
The crystal bolt burns you!!
The crystal guardian fires a crystalline bolt at you.
The crystal bolt freezes the crystal guardian.
The crystal guardian completely resists.
The crystal bolt freezes you!
* * * LOW HITPOINT WARNING * * *
You gain the combat prowess of a mighty hero.
The crystal guardian completely misses you.
The crystal guardian fires a crystalline bolt at you.
The crystal bolt burns the crystal guardian.
The crystal guardian completely resists.
The crystal bolt burns you!!!
* * * LOW HITPOINT WARNING * * *
A red film seems to cover your vision as you go berserk!
You feel yourself moving faster!
You feel mighty!
The crystal guardian fires a crystalline bolt at you.
The crystal bolt burns you but does no damage.
The crystal guardian fires a crystalline bolt at you.
The crystal bolt freezes the crystal guardian.
The crystal guardian completely resists.
The crystal bolt freezes you!!!
You die...

###########.....#
#.....# #.....#
###############.....#
#.....).......#.....#
#.###.###.###.'.....#
#.#p#.#C#.#C#)#}....#
#.###.###.###(#.....#
#.........♣99(#.T...#
#####)############..[T.#
#....†......# #...(.#
#....[......# #...u(#
#.........<.# #.....p(
#...........# #?......p
#...........# #.........
#...........# #.).......
#...........#


You could see 2 frost giants, 2 crystal guardians and an ironbound convoker.

Vanquished Creatures
  A tentacled monstrosity (Vaults:1)
  Polyphemus (Shoals:4)
  2 sphinxes (Vaults:1)
  Kirke (Shoals:1)
  A fenstrider witch (shapeshifter) (Vaults:1)
  Donald (Shoals:4)
  A vault warden (Vaults:1)
  2 frost giants (Vaults:1)
  Louise (Shoals:4)
  2 orc warlords
  A stone giant (Vaults:1)
  6 ironbound preservers
  3 war gargoyles
  2 ironbound thunderhulks (Vaults:1)
  A very ugly thing (Vaults:1)
  2 vampire knights (Vaults:1)
  An entropy weaver (Vaults:1)
  Snorg (D:13)
  An ettin (Orc:1)
  3 yaktaur captains (Vaults:1)
  7 merfolk javelineers
  A merfolk impaler (Shoals:4)
  3 great orbs of eyes
  An ice dragon (D:13)
  3 deep elf high priests (Vaults:1)
  2 ogre magi
  10 hydras
  2 catoblepae
  10 vault guards
  A boulder beetle (D:13)
  4 merfolk avatars (Shoals:4)
  2 peacekeepers
  2 two-headed ogres
  5 ironbound frosthearts (Vaults:2)
  3 merfolk aquamancers
  Harold (D:10)
  9 centaur warriors
  2 death knights (Vaults:2)
  2 satyrs (Shoals:4)
  A deep troll earth mage (Vaults:1)
  6 death yaks
  4 tengu warriors
  3 orc high priests (Orc:2)
  20 deep trolls
  6 sea snakes
  A glowing orange brain (D:11)
  4 lindwurms
  5 ironbound convokers
  4 wizards
  A phantasmal warrior (Vaults:1)
  4 deep elf pyromancers
  4 orc knights
  8 orc sorcerers
  A deep elf zephyrmancer (D:14)
  8 manticores
  A wolf spider (Lair:5)
  10 fauns
  17 harpies
  Maurice (D:12)
  11 ugly things
  6 cyclopes
  4 merfolk sirens
  5 water nymphs
  8 vault sentinels
  5 centaur zombies (D:11)
  A guardian serpent (Lair:5)
  Joseph (D:7)
  10 elephants
  3 gargoyles
  A torpor snail (Lair:3)
  11 black mambas
  3 unseen horrors
  10 cane toads
  5 komodo dragons
  2 kobold demonologists
  An efreet (D:13)
  2 freezing wraiths (D:14)
  12 merfolk
  A tengu conjurer (D:14)
  A queen bee (D:10)
  10 trolls
  10 polar bears
  A blink frog (shapeshifter) (D:14)
  8 wind drakes
  3 hornets (Lair:5)
  14 blink frogs
  10 dream sheep
  13 slime creatures
  4 raiju (Lair:5)
  A meliai zombie (D:11)
  7 snapping turtles
  4 shadows
  4 basilisks
  2 hogs (Shoals:1)
  3 humans (Shoals:1)
  11 water elementals
  7 wraiths
  15 wyverns
  45 yaks
  A vampire mosquito (D:13)
  6 wargs
  2 redbacks (Lair:5)
  3 steam dragons
  3 acid dragons
  2 nagas (Lair:3)
  23 water moccasins
  13 hell hounds (Lair:5)
  24 orc warriors
  2 floating eyes
  A sky beast (D:8)
  13 black bears
  The ghost of Heoruswealwe the Covered, an amateur MiFi (D:2)
  17 wolves
  7 ogres
  22 centaurs
  A phantom (D:4)
  4 kobold brigands
  13 bullfrogs
  3 necrophages
  3 gnoll sergeants
  3 scorpions
  7 wights
  A hornet simulacrum (D:14)
  8 killer bees (D:9)
  A howler monkey (D:11)
  8 electric eels
  4 jellies
  9 orc priests
  A gnoll bouda (D:10)
  4 hounds
  Ijyb (D:3)
  3 iguanas
  11 orc wizards
  Natasha (D:2)
  6 hell rats (Lair:2)
  17 gnolls
  5 adders
  A shadow imp (D:8)
  2 white imps
  An ufetubus (D:6)
  2 worms
  A dart slug (D:2)
  62 orcs
  6 endoplasms
  3 giant cockroaches
  7 goblins
  7 hobgoblins
  4 quokkas
  2 ball pythons (D:2)
  5 bats
  3 frilled lizards
  13 kobolds
  5 rats
866 creatures vanquished.

Vanquished Creatures (others)
  A tengu conjurer (D:13)
  3 orc wizards (D:8)
  An orc (D:6)
  69 fungi
  272 plants
346 creatures vanquished.

Grand Total: 1212 creatures vanquished

Notes
Turn   | Place    | Note
-------+----------+-------------------------------------------
     0 | D:1      | Atlar the Troll Monk began the quest for the Orb.
     0 | D:1      | Reached XP level 1. HP: 22/22 MP: 0/0
   396 | D:1      | Reached XP level 2. HP: 29/29 MP: 1/1
   721 | D:2      | Noticed Natasha
   806 | D:2      | Killed Natasha
   807 | D:2      | Reached XP level 3. HP: 22/36 MP: 0/2
  1123 | D:2      | Reached skill level 4 in Unarmed Combat
  1127 | D:2      | Found a faded altar of an unknown god.
  1134 | D:2      | Reached XP level 4. HP: 44/44 MP: 3/3
  1466 | D:4      | Noticed a scorpion
  1525 | D:4      | Killed a scorpion
  1526 | D:4      | Reached XP level 5. HP: 43/50 MP: 1/4
  1781 | D:4      | Found a staircase to the Ecumenical Temple.
  1801 | Temple   | Entered the Ecumenical Temple
  1880 | Temple   | Became a worshipper of Warmaster Okawaru
  1880 | Temple   | Reached * piety under Okawaru
  1880 | Temple   | Reached ** piety under Okawaru
  1918 | D:4      | Found an ornate altar of the Wu Jian Council.
  1918 | D:4      | Noticed a phantom
  1957 | D:4      | Found a runed translucent gate.
  1957 | D:4      | Found a runed translucent gate.
  1959 | D:4      | Found a runed translucent gate.
  1960 | D:4      | Noticed TangoThomas's ghost (amateur DsGl)
  2019 | D:4      | Killed a phantom
  2020 | D:4      | Reached skill level 1 in Invocations
  2197 | D:4      | Found a shimmering blue altar of Sif Muna.
  2211 | D:4      | Reached skill level 5 in Unarmed Combat
  2508 | D:3      | Noticed Ijyb
  2508 | D:3      | Found a runed translucent door.
  2516 | D:3      | Killed Ijyb
  2517 | D:3      | Reached XP level 6. HP: 52/59 MP: 5/5
  2577 | D:3      | Noticed Heoruswealwe's ghost (amateur MiFi)
  3072 | D:2      | Killed Heoruswealwe's ghost
  3179 | D:5      | Entered Level 5 of the Dungeon
  3204 | D:5      | Found a radiant altar of Vehumet.
  3214 | D:5      | Reached XP level 7. HP: 66/66 MP: 6/6
  3222 | D:5      | Reached skill level 5 in Dodging
  3222 | D:5      | Reached skill level 6 in Unarmed Combat
  3228 | D:5      | Reached *** piety under Okawaru
  3229 | D:5      | Reached skill level 1 in Throwing
  3373 | D:5      | Noticed a yak
  3373 | D:5      | Noticed a yak
  3373 | D:5      | Noticed a yak
  3517 | D:5      | Reached skill level 1 in Evocations
  3720 | D:5      | Noticed a yak
  3777 | D:6      | Noticed a two-headed ogre
  3790 | D:6      | Killed a two-headed ogre
  3790 | D:6      | Reached **** piety under Okawaru
  3791 | D:6      | Reached skill level 7 in Unarmed Combat
  3791 | D:6      | Reached XP level 8. HP: 34/74 MP: 2/7
  3844 | D:6      | Found a burning altar of Makhleb.
  3979 | D:6      | Found Laur's Weapon Shoppe.
  3984 | D:6      | Found a hide-covered altar of Uskayaw.
  4139 | D:6      | Reached skill level 8 in Unarmed Combat
  4139 | D:6      | Reached XP level 9. HP: 74/80 MP: 8/8
  4519 | D:7      | Noticed Joseph
  4667 | D:7      | Killed Joseph
  4830 | D:6      | Reached ***** piety under Okawaru
  5011 | D:7      | Reached skill level 9 in Unarmed Combat
  5641 | D:8      | Reached XP level 10. HP: 88/88 MP: 8/12
  5818 | D:8      | Found a staircase to the Lair.
  5886 | D:8      | Reached skill level 5 in Invocations
  5894 | D:8      | Reached skill level 10 in Unarmed Combat
  6002 | D:8      | Found Itoorr's Weapon Shoppe.
  6285 | D:8      | Identified the +1 robe of the Lumpy Ageing Gods {Harm Str+2
                  | Slay-3 SInv} (Okawaru gifted it to you on level 8 of the
                  | Dungeon)
  6285 | D:8      | Received a gift from Okawaru
  6347 | D:9      | Found a snail-covered altar of Cheibriados.
  6491 | D:9      | Reached skill level 1 in Armour
  6625 | D:9      | Found a flagged portal.
  6652 | Bailey   | Entered a bailey
  6925 | Bailey   | Noticed an orc knight
  6925 | Bailey   | Noticed an orc knight
  7119 | D:9      | Reached XP level 11. HP: 89/94 MP: 10/14
  7564 | D:10     | Entered Level 10 of the Dungeon
  7564 | D:10     | Noticed Harold
  7575 | D:10     | Killed Harold
  7576 | D:10     | Reached skill level 11 in Unarmed Combat
  7734 | D:10     | Noticed a two-headed ogre
  8093 | D:10     | Found a staircase to the Orcish Mines.
  8230 | D:10     | Found Fiodd's Assorted Antiques.
  8489 | D:11     | Noticed Exodus22XD's ghost (journeyman MiFi)
  8489 | D:11     | Noticed a lich
  8490 | D:11     | Noticed a centaur warrior
  8492 | D:11     | Noticed a steelbarb worm
  8492 | D:11     | Noticed a necromancer
  8608 | D:11     | Identified the +2 robe of the Prince of Darkness {Drain
                  | rPois MP+9 Str-5} (Okawaru gifted it to you on level 11 of
                  | the Dungeon)
  8608 | D:11     | Received a gift from Okawaru
  8764 | D:10     | a two-headed ogre changed into a queen bee
  8832 | D:11     | Noticed a cyan ugly thing
  8836 | D:11     | Noticed a two-headed ogre
  8846 | D:11     | Killed a cyan ugly thing
  8847 | D:11     | Noticed a glowing orange brain
  8847 | D:11     | a two-headed ogre changed into a glowing orange brain
  8851 | D:11     | Noticed a boulder beetle
  8852 | D:11     | Killed a glowing orange brain
  8970 | D:11     | Reached XP level 12. HP: 104/107 MP: 17/17
  9001 | D:11     | Found a runed translucent door.
  9004 | D:11     | Found a runed translucent door.
  9032 | D:11     | Reached skill level 12 in Unarmed Combat
  9614 | D:12     | Noticed Maurice
  9655 | D:12     | Killed Maurice
  9656 | D:12     | Reached skill level 1 in Shields
 10087 | Lair:1   | Entered Level 1 of the Lair of Beasts
 10149 | Lair:1   | Noticed a minotaur
 10150 | Lair:1   | Noticed mistmaker's ghost (journeyman TeAE)
 10368 | Lair:1   | Found a runed translucent gate.
 10368 | Lair:1   | Found a runed translucent gate.
 10368 | Lair:1   | Found a runed translucent gate.
 10588 | Lair:1   | Noticed a five-headed hydra
 10599 | Lair:1   | Killed a five-headed hydra
 10823 | Lair:1   | Reached skill level 5 in Shields
 11254 | Lair:2   | Reached ****** piety under Okawaru
 11318 | Lair:2   | Found a staircase to the Shoals.
 11569 | Lair:2   | Reached XP level 13. HP: 117/117 MP: 18/18
 11606 | Lair:2   | Received a gift from Okawaru
 12097 | Lair:3   | Found a staircase to the Snake Pit.
 13342 | Lair:4   | Received a gift from Okawaru
 13860 | Lair:5   | Entered Level 5 of the Lair of Beasts
 13865 | Lair:5   | Reached skill level 5 in Fighting
 13957 | Lair:5   | Received a gift from Okawaru
 14273 | Lair:5   | Found a staircase to the Slime Pits.
 14273 | Lair:5   | Found a viscous altar of Jiyva.
 14399 | Lair:5   | Reached skill level 5 in Throwing
 14399 | Lair:5   | Reached skill level 10 in Dodging
 14696 | Lair:5   | Reached XP level 14. HP: 122/130 MP: 19/19
 14804 | Lair:5   | Paralysed by a hornet for 3 turns
 15096 | Lair:5   | Received a gift from Okawaru
 16028 | Orc:1    | Entered Level 1 of the Orcish Mines
 16524 | Orc:2    | Entered Level 2 of the Orcish Mines
 16605 | Orc:2    | Found Nius's General Store.
 16774 | Orc:2    | Found Lotwau Jule's Antique Armour Shoppe.
 16823 | Orc:2    | Found a staircase to the Elven Halls.
 16915 | Orc:2    | Noticed an orc warlord
 16938 | Orc:2    | Killed an orc warlord
 17123 | Orc:2    | Received a gift from Okawaru
 17124 | Orc:2    | Reached skill level 13 in Unarmed Combat
 17308 | Orc:2    | Found Fuympiab's Antique Weapon Shop.
 17339 | Orc:2    | Found Guseris's Jewellery Shop.
 17748 | D:13     | Received a gift from Okawaru
 17985 | D:13     | Found Niskie's Superior Scales.
 18101 | D:13     | Reached XP level 15. HP: 137/145 MP: 20/20
 18348 | D:13     | Noticed Snorg
 18358 | D:13     | Killed Snorg
 18485 | D:13     | Reached skill level 5 in Evocations
 18534 | D:13     | Received a gift from Okawaru
 18602 | D:13     | Found a gate to the Vaults.
 18943 | D:14     | You fall into a shaft and drop 1 floor!
 18943 | D:15     | Entered Level 15 of the Dungeon
 18957 | D:15     | Identified a scroll of acquirement
 18958 | D:15     | Acquired the +1 tower shield of Blue Skies {Drain Regen+
                  | Dex+4 Slay+3}
 19185 | D:14     | Identified the +4 cloak "Ceoces" {Harm Str+3 Dex-4}
                  | (Okawaru gifted it to you on level 14 of the Dungeon)
 19185 | D:14     | Received a gift from Okawaru
 19208 | D:14     | Found a radiant altar of Vehumet.
 19208 | D:14     | Found a shimmering altar of Xom.
 19209 | D:14     | Found a shimmering altar of Xom.
 19209 | D:14     | Found a basalt altar of Yredelemnul.
 19426 | D:14     | Reached skill level 14 in Unarmed Combat
 19478 | D:14     | Identified the +0 robe of the Falcon {Contam rN+ SInv}
 19490 | D:14     | Got the Directory of Breath and Peregrination
 19493 | D:14     | Identified the +5 quarterstaff of Welfare {freeze, Fly
                  | rCorr}
 19497 | D:14     | Reached skill level 10 in Shields
 19696 | D:14     | Found Kyel's Book Shop.
 20095 | D:15     | Found a stormy altar of Qazlal.
 20602 | D:15     | Found a staircase to the Depths.
 20969 | Snake:1  | Entered Level 1 of the Snake Pit
 21076 | Shoals:1 | Entered Level 1 of the Shoals
 21152 | Shoals:1 | Noticed Kirke
 21161 | Shoals:1 | Killed Kirke
 21161 | Shoals:1 | Identified the +6 rapier of Sizxod {protect, rCorr}
                  | (Okawaru gifted it to you on level 1 of the Shoals)
 21161 | Shoals:1 | Received a gift from Okawaru
 21162 | Shoals:1 | Reached skill level 15 in Unarmed Combat
 21769 | Shoals:2 | Reached XP level 16. HP: 91/154 MP: 21/21
 22076 | Shoals:3 | Noticed Ilsuiw
 22080 | Shoals:4 | Entered Level 4 of the Shoals
 22080 | Shoals:4 | Noticed Donald
 22081 | Shoals:4 | Noticed Louise
 22086 | Shoals:4 | Noticed Polyphemus
 22102 | Shoals:4 | Identified the +2 robe "Vuvanukk" {Will++ Slay-4} (Okawaru
                  | gifted it to you on level 4 of the Shoals)
 22102 | Shoals:4 | Received a gift from Okawaru
 22114 | Shoals:4 | Killed Polyphemus
 22301 | Shoals:4 | Killed Louise
 22373 | Shoals:4 | Reached skill level 16 in Unarmed Combat
 22376 | Arena    | Entered the Arena
 22543 | Shoals:4 | Killed Donald
 23158 | Shoals:4 | Received a gift from Okawaru
 23379 | Shoals:4 | Received a gift from Okawaru
 23380 | Shoals:4 | Reached skill level 5 in Armour
 23473 | Shoals:4 | Got a barnacled rune of Zot
 23803 | Vaults:1 | Entered Level 1 of the Vaults
 23855 | D:13     | Identified the +5 spear of Vonic {freeze, Dex+4} (Okawaru
                  | gifted it to you on level 13 of the Dungeon)
 23855 | D:13     | Received a gift from Okawaru
 24277 | Vaults:1 | Acquired a manual of Armour
 24383 | Vaults:1 | You fall into a shaft and drop 1 floor!
 24464 | Vaults:2 | Found a staircase to the Crypt.
 24597 | Vaults:2 | Reached XP level 17. HP: 161/161 MP: 22/22
 25162 | Vaults:1 | Identified the +11 shortbow "Dalel" {freeze, rC+ Str+3}
                  | (Okawaru gifted it to you on level 1 of the Vaults)
 25162 | Vaults:1 | Received a gift from Okawaru
 25395 | Vaults:1 | Found a runed translucent gate.
 25395 | Vaults:1 | Found a runed translucent gate.
 25395 | Vaults:1 | Found a runed translucent gate.
 25395 | Vaults:1 | Noticed a titan
 25396 | Vaults:1 | Noticed Gabide's ghost (adept DgCj)
 25398 | Vaults:1 | Found an iron altar of Okawaru.
 25737 | Vaults:1 | Paralysed by a floating eye for 2 turns
 26359 | Vaults:1 | Reached skill level 17 in Unarmed Combat
 26460 | Vaults:1 | Received a gift from Okawaru
 26476 | Vaults:1 | Identified the +3 shortbow "Okhuipett" {vorpal, *Slow
                  | Int+6}
 26589 | Vaults:1 | Noticed a tentacled monstrosity
 26596 | Vaults:1 | Killed a tentacled monstrosity
 27010 | Vaults:2 | Received a gift from Okawaru
 27037 | Vaults:2 | HP: 10/247 [crystal guardian/crystal bolt[a peacekeeper]
                  | (62)]
 27038 | Vaults:2 | Killed from afar by a crystal guardian

Illustrated notes

Levels and vault maps discovered:
D:1:      co_arrival_square_in_a_square_in_a_square, layout_loops_cross,
          minmay_misc_feat_rows, minmay_misc_feat_chi
D:2:      layout_loops_ring, nicolae_ecumenical_snake_handling, uniq_natasha
D:3:      layout_rooms, ebering_ghost_inner_flame, uniq_ijyb
D:4:      layout_loops_ring, lemuel_tele_altar, kennysheep_orc_sif_temple,
          minmay_temple_entry_overgrown, gammafunk_ghost_nasty_kobolds
D:5:      layout_basic, mainiacjoe_overflow_big_doors, nrook_uturn,
          chequers_serial_rivers_small_b, nicolae_shop_fire_sale
          [nicolae_sub_dead_trees]
D:6:      layout_rooms, mainiacjoe_overflow_catwalk_spiral, serial_shops, shop
D:7:      layout_cave_pools, serial_bayou, serial_bayou_ford_a,
          serial_bayou_lagoon_b, serial_bayou_lake_a, serial_bayou_crossing,
          uniq_joseph
D:8:      layout_loops_cross, due_lair_maze_entry_diamond, serial_shops, shop
D:9:      layout_long_grid, slow_altar_1, enter_bailey_5, eino_jars
D:10:     layout_long_grid, mainiacjoe_overflow_alcove_4, orc_0_dummy,
          serial_shops, nicolae_lakefront_shop, uniq_harold
D:11:     layout_basic, muffindrake_ghost_dual_entry, serial_undead,
          serial_undead_d, serial_undead_d, serial_undead_c, serial_undead_d,
          corner_web_ring
D:12:     layout_irregular_city, uniq_maurice
D:13:     layout_basic, lightli_vaults_fourway_checkpoint, serial_rivers,
          chequers_serial_rivers_micro_a, chequers_serial_rivers_room_b,
          chequers_serial_rivers_micro_b, chequers_serial_rivers_small_b,
          hellmonk_scale_shop, uniq_snorg
D:14:     minmay_the_grid_octo_triangle [minmay_the_grid_octo_77,
          minmay_the_grid_octo_prize_single_spiral,
          minmay_the_grid_octo_shrine], layout_basic, serial_shops,
          nicolae_shop_window_shopping
D:15:     grunt_enter_depths_magical_seal, layout_irregular_city,
          gauntlet_entry_generic, solitary_fountain, minivault_11,
          minmay_fountain_box, nicolae_qazlal_eye_of_the_storm
Temple:   nicolae_temple_superstar
Lair:1:   layout_cave_pods, maelrawn_ghost_gauntlet_escape, disabler_island,
          serial_bayou_shore_a
Lair:2:   layout_loops_ring, elwin_shoals_entry_rooms, nicolae_lair_lindhole,
          lemuel_fruit_fields
Lair:3:   layout_cave_pods, guppyfry_snake_entry_island
Lair:4:   layout_hall_layers
Lair:5:   hangedman_lair_tendril_chambers, layout_small_grid,
          hangedman_lair_caniforms_friends, slime_entry_1, lemuel_fruit_tree,
          infiniplex_staircase_pool
Shoals:1: layout_shoals, uniq_kirke
Shoals:2: layout_shoals
Shoals:3: layout_shoals, uniq_ilsuiw
Shoals:4: shoals_end_grunt_garden, layout_shoals, uniq_polyphemus, uniq_louise,
          uniq_donald
Snake:1:  layout_onion_interference, gammafunk_ghost_arena,
          hangedman_snake_sidewinding, grunt_megastairs_2, uniq_aizul
Orc:1:    layout_diamond_mine, elf_legates
Orc:2:    grunt_orc_gardens, layout_diamond_mine, grunt_orc_garden,
          grunt_orc_garden, grunt_orc_garden, grunt_orc_garden, basic_altar
Vaults:1: gammafunk_ghost_fury_of_okawaru, nicolae_vaults_little_squares_6,
          nicolae_vaults_asterisk, nicolae_vaults_little_squares_6,
          hangedman_vaults_variations, hangedman_vaults_nails, v_pattern_4,
          nicolae_vaults_circle_grid_a, vaults_standard_mumra_x,
          vaults_dpeg_ring, ontoclasm_vaults_ligature, st_greater_box_1,
          ontoclasm_vaults_misaligned, nicolae_vaults_little_squares_5,
          nicolae_vaults_asterisk, layout_vaults_maze_bifur
Vaults:2: vaults_mumra_bighexcomb, nicolae_vaults_mini_display_case,
          blue_anna_dwarven_crypt, nicolae_vaults_specimen_jars,
          vaults_room_pools, ontoclasm_vaults_misaligned, v_rooms_4,
          vaults_room_door_ring, hangedman_vaults_maws,
          grunt_vaults_hallway_short, nicolae_vaults_border_crossing,
          nicolae_vaults_what_the_h, layout_vaults_ring

Skill      XL: |  1  2  3  4  5  6  7  8  9 10 11 12 13 14 15 16 17 |
---------------+----------------------------------------------------+-----
Dodging        | 3 4 6 7 9 10 11 12 | 12.3
Unarmed Combat | 4 5 7 8 9 10 11 12 13 15 16 17 | 17.3
Invocations    | 1 4 6 8 9 |  9.2
Throwing       | 1 5 7 8 9 |  9.1
Evocations     | 2 3 4 5 |  5.3
Armour         | 1 3 4 6 9 |  9.5
Fighting       | 4 6 8 9 |  9.8
Shields        | 7 9 11 12 | 12.9
Stealth        | |  1.0

Action                   |  1- 3 |  4- 6 |  7- 9 | 10-12 | 13-15 | 16-18 || total
-------------------------+-------+-------+-------+-------+-------+-------++-------
Melee: Unarmed           |    70 |   138 |   197 |   653 |  1183 |   700 ||  2941
       Punch             |     2 |     3 |     5 |    41 |       |       ||    51
Throw: Boomerang         |       |       |    10 |    34 |    86 |    44 ||   174
       Javelin           |       |       |       |       |    55 |    62 ||   117
       Large rock        |       |       |       |       |     5 |    38 ||    43
Invok: Heroism           |       |       |     3 |     7 |    28 |    20 ||    58
       Finesse           |       |       |       |     2 |     5 |     3 ||    10
       Duel              |       |       |       |       |       |     1 ||     1
Evoke: Wand              |       |     2 |    23 |     5 |    21 |     3 ||    54
       Tin of tremorston |       |       |       |       |       |     2 ||     2
       Phial of floods   |       |       |       |       |       |     1 ||     1
  Use: Scroll            |     2 |     4 |     4 |    10 |    16 |     8 ||    44
       Potion            |       |     1 |     1 |       |     7 |    10 ||    19
 Stab: Sleeping          |     5 |     5 |       |     3 |     1 |     2 ||    16
       Distracted        |       |       |     1 |     1 |       |     1 ||     3
Armor: Robe              |    22 |    24 |    46 |    69 |    24 |    33 ||   218
       Skin              |       |     3 |       |    13 |       |     5 ||    21
       Acid dragon scale |       |       |       |    86 |   279 |    63 ||   428
Dodge: Dodged            |    33 |    54 |   121 |   368 |   562 |   270 ||  1408
Block: Kite shield       |       |       |       |    75 |   617 |       ||   692
       Tower shield      |       |       |       |       |   224 |   623 ||   847
